 Dungeon Crawl Stone Soup version 0.17-a0-227-gf5308cc (webtiles) character file.

837 BluebellGnoll the Firebug (level 7, 0/41 HPs)
             Began as an Octopode Fire Elementalist on Mar 29, 2015.
             Slain by Duvessa
             ... wielding a +0 short sword
              (11 damage)
             ... on level 5 of the Dungeon.
             The game lasted 00:22:39 (6874 turns).

BluebellGnoll the Firebug (OpFE)                    Turns: 6874, Time: 00:22:39

Health: 0/41       AC:  1    Str:  7    XL:     7   Next: 99%
Magic:  13/18      EV: 13    Int: 19    God:
Gold:   187        SH:  0    Dex: 13    Spells: 5 memorised, 3 levels left

rFire  + . .     SeeInvis .     y - +4 quarterstaff (chaos)
rCold  . . .     Clarity  .     (no shield)
rNeg   . . .     SustAb   .     (helmet restricted)
rPois  .         Gourm    .     (no amulet)
rElec  .         Spirit   .     w - ring of stealth
rCorr  .         Warding  .     D - ring of protection from fire
rMut   .         Stasis   .     (no ring)
MR     .....                    (no ring)
Stlth  ++++......               (no ring)
                                (no ring)
                                (no ring)
                                (no ring)

@: not resistant to hostile enchantments, stealthy
A: almost no armour, amphibious, 8 rings, constrict 8, camouflage 1, gelatinous
body 1
a: no special abilities


You were on level 5 of the Dungeon.
You were hungry.

You visited 1 branch of the dungeon, and saw 5 of its levels.

You collected 187 gold pieces.

Inventory:

Hand weapons
 o - a +0 blowgun
 y - a +4 quarterstaff of chaos (weapon)
 E - a +1 short sword of venom
Missiles
 n - 152 stones (quivered)
 p - 37 poisoned needles
 A - a throwing net
Jewellery
 w - a ring of stealth (left tentacle)
 z - an uncursed ring of ice
 D - a ring of protection from fire (right tentacle)
Magical devices
 r - a wand of digging (4)
Scrolls
 a - 2 scrolls of random uselessness {unknown}
 g - a scroll of amnesia {unknown}
 h - 7 scrolls of remove curse
 j - 2 scrolls of enchant weapon {unknown}
 k - 4 scrolls of teleportation
 l - 3 scrolls of magic mapping {unknown}
 B - a scroll of identify {unknown}
 C - a scroll of fog {unknown}
Potions
 d - a potion of beneficial mutation {unknown}
 e - 2 potions of heal wounds {unknown}
 m - 4 potions of curing {unknown}
 t - 2 potions of lignification {unknown}
 u - a potion of resistance {unknown}
 v - a potion of brilliance {unknown}
 F - a potion of agility {unknown}
Books
 b - a book of Flames

   Spells                             Type                      Level
   a - Flame Tongue                   Conjuration/Fire             1
   b - Throw Flame                    Conjuration/Fire             2
   c - Conjure Flame                  Conjuration/Fire             3
   d - Inner Flame                    Hexes/Fire                   3
   e - Sticky Flame                   Conjuration/Fire             4
   f - Fireball                       Conjuration/Fire             5
Comestibles
 c - 2 bread rations
 f - a chunk of flesh
 i - 3 meat rations
 q - 2 slices of pizza
 s - a beef jerky
 x - 5 fruits


   Skills:
 - Level 3.6 Dodging
 - Level 2.6 Stealth
 - Level 5.1 Spellcasting
 * Level 4.3 Conjurations
 * Level 5.2 Fire Magic


You had 3 spell levels left.
You knew the following spells:

 Your Spells              Type           Power        Failure   Level  Hunger
a - Flame Tongue          Conj/Fire      ###..        1%          1    None
b - Throw Flame           Conj/Fire      ###...       2%          2    #......
c - Conjure Flame         Conj/Fire      ###.....     6%          3    ##.....
d - Inner Flame           Hex/Fire       ##......     14%         3    ##.....
e - Sticky Flame          Conj/Fire      ###.....     17%         4    ####...


Dungeon Overview and Level Annotations

Branches:
Dungeon (5/15)
 Temple: D:4-7

Altars:
Okawaru

Annotations:
D:5 Duvessa


Innate Abilities, Weirdness & Mutations

You cannot wear most types of armour.
You are amphibious.
You can wear up to eight rings at the same time.
You can use your tentacles to constrict many enemies at once.
Your skin changes colour to match your surroundings (Stealth).
Your rubbery body absorbs attacks (AC +1).


Message History

Aiming: Throw Flame
Press: ? - help, Shift-Dir - straight line, f/p - Duvessa
Aim: Duvessa, wielding a short sword (lightly wounded, berserk, fast, unusually strong)
The puff of flame hits Duvessa.
Duvessa is moderately wounded.
You hit Duvessa but do no damage. Your grab misses Duvessa.
Duvessa is moderately wounded.
Duvessa hits you with a short sword. Duvessa closely misses you.
You hit Duvessa.
Space bends around Duvessa.
You grab Duvessa.
Duvessa is moderately wounded.
You constrict Duvessa. Duvessa barely misses you.
You hit Duvessa!
You heal Duvessa.
Duvessa is lightly wounded. x2
You constrict Duvessa, but do no damage.
Duvessa hits you with a short sword! x2
* * * LOW HITPOINT WARNING * * *
You hit Duvessa!
There is a sudden explosion of sparks!
Duvessa is severely wounded.
You constrict Duvessa. Duvessa hits you with a short sword!
You die...

............# #.#
...######..# #.#
..........##########.##
#######>...>...........
#..####........## #..#
#.##.##.... ...######..#
#.##.##..## .
........e..####.##.##..#
..........@.......##.##..##
......######.#.#.#.##.##....
..............###..##.##....
.......#####.#.#.#.##.##..##
##### #.##.##.##.##..#
#.##.##.##.##..#
.#####.......<..##..##
#.............#####....
#########.##.# ##.##


You could see Duvessa (berserk).

Vanquished Creatures
  A centaur (D:5)
  3 ogres
  Sigmund (D:4)
  A hound (D:5)
  Dowan (D:5)
  A centaur skeleton (D:5)
  Crazy Yiuf (D:3)
  An iguana (D:4)
  3 worker ants (D:4)
  An orc wizard (D:4)
  8 adders
  A giant mite (D:1)
  3 giant geckos
  An ooze (D:1)
  7 orcs
  A ball python (D:4)
  A giant cockroach (D:4)
  14 goblins
  14 hobgoblins
  12 jackals
  12 kobolds
  11 bats
  A giant cockroach zombie (D:4)
  2 giant newts
  12 rats
  A fungus (D:3)
115 creatures vanquished.

Notes
Turn   | Place    | Note
--------------------------------------------------------------
     0 | D:1      | BluebellGnoll, the Octopode Fire Elementalist, began the quest for the Orb.
     0 | D:1      | Reached XP level 1. HP: 11/11 MP: 3/3
   431 | D:1      | Reached XP level 2. HP: 12/17 MP: 1/5
   435 | D:1      | Learned a level 2 spell: Throw Flame
  1175 | D:1      | Reached XP level 3. HP: 21/21 MP: 2/8
  1888 | D:1      | Learned a level 3 spell: Conjure Flame
  1944 | D:2      | Found an iron altar of Okawaru.
  2137 | D:1      | Reached XP level 4. HP: 14/27 MP: 3/9
  3287 | D:2      | Learned a level 3 spell: Inner Flame
  3427 | D:3      | Reached XP level 5. HP: 31/31 MP: 9/11
  3499 | D:3      | Noticed an ogre
  3510 | D:3      | Killed an ogre
  3510 | D:3      | Reached skill level 4 in Fire Magic
  3794 | D:3      | Noticed Sigmund
  3922 | D:3      | Reached XP level 6. HP: 24/36 MP: 3/13
  4363 | D:3      | Noticed Crazy Yiuf
  4373 | D:3      | Killed Crazy Yiuf
  4747 | D:4      | Killed Sigmund
  4843 | D:4      | Reached XP level 7. HP: 41/41 MP: 4/17
  5632 | D:4      | Reached skill level 5 in Spellcasting
  6273 | D:4      | Learned a level 4 spell: Sticky Flame
  6488 | D:5      | Entered Level 5 of the Dungeon
  6623 | D:5      | Reached skill level 5 in Fire Magic
  6691 | D:5      | Noticed Dowan
  6771 | D:5      | Killed Dowan
  6867 | D:5      | Noticed Duvessa
  6874 | D:5      | Slain by Duvessa

Action                   |  1- 3 |  4- 6 |  7- 9 || total
-------------------------+-------+-------+-------++-------
Melee: Unarmed           |    14 |       |       ||    14
       Short sword       |    34 |    55 |       ||    89
       Quarterstaff      |       |     2 |    24 ||    26
Throw: Stone             |       |     1 |     7 ||     8
 Cast: Flame Tongue      |    16 |    43 |    26 ||    85
       Throw Flame       |    16 |    46 |    42 ||   104
       Conjure Flame     |       |     1 |     4 ||     5
Evoke: Wand              |       |       |     1 ||     1
  Use: Scroll            |       |     1 |     1 ||     2
 Stab: Sleeping          |     2 |     4 |     3 ||     9
  Eat: Chunk             |     4 |    11 |     6 ||    21
